 Dungeon Crawl Stone Soup version 0.22-a0-197-g4ac3794 (webtiles) character file.

3003 Amnesiac the Archer (level 9, -4/82 HPs)
             Began as a Centaur Hunter on Feb 18, 2018.
             Was an Initiate of Okawaru.
             Slain by a hippogriff (5 damage)
             ... while paralysed by a hornet
             ... on level 8 of the Dungeon.
             The game lasted 00:14:43 (8554 turns).

Amnesiac the Archer (Centaur Hunter)                Turns: 8554, Time: 00:14:44

Health: -4/82      AC: 10    Str: 18    XL:     9   Next: 54%
Magic:  9/9        EV:  1    Int: 10    God:    Okawaru [......]
Gold:   489        SH:  0    Dex: 10    Spells: 8/8 levels left

rFire    . . .     SeeInvis .   b - +0 hunting sling (flame)
rCold    . . .     Gourm    .   (no shield)
rNeg     . . .     Faith    .   c - +0 leather armour
rPois    .         Spirit   .   (no helmet)
rElec    .         Reflect  .   m - scarf {repulsion}
rCorr    .         Harm     .   k - +0 pair of gloves
MR       .....                  (no barding)
Stlth    ++........             i - amulet of magic regeneration
HPRegen  0.23/turn              p - +5 ring of protection
MPRegen  0.36/turn              G - ring of stealth

@: paralysed, lethally poisoned (-4 -> -12), slowed, drained, repel missiles,
very quick
A: large, hooves 3, deformed body, speed 2, tough skin 3
a: Renounce Religion


You were on level 8 of the Dungeon.
You worshipped Okawaru.
Okawaru was noncommittal.
You were very hungry.

You visited 2 branches of the dungeon, and saw 10 of its levels.

You collected 489 gold pieces.

Inventory:

Hand Weapons
 a - a +1 shortbow
 b - a +0 hunting sling of flaming (weapon)
 w - a +0 blowgun
Missiles
 d - 52 arrows
 s - 28 poisoned needles
 t - 211 stones (quivered)
 O - 3 needles of frenzy
Armour
 c - a +0 leather armour (worn)
 k - a +0 pair of gloves (worn)
 m - a scarf of repulsion (worn)
Jewellery
 i - an amulet of magic regeneration (around neck)
 p - a +5 ring of protection (left hand)
 D - an uncursed ring of flight
 G - a ring of stealth (right hand)
 N - an uncursed ring of fire
Wands
 u - a wand of digging (27)
 P - a wand of flame (26)
 Q - a wand of paralysis (3)
Scrolls
 g - 3 scrolls of teleportation {!r, unknown}
 l - 3 scrolls of magic mapping {!r, unknown}
 n - a scroll of enchant weapon {!r, unknown}
 o - 2 scrolls of immolation {!r, unknown}
 q - 5 scrolls of enchant armour {!r, unknown}
 r - 2 scrolls of blinking {!r, unknown}
 y - 2 scrolls of identify {!r}
 A - a scroll of fear {!r, unknown}
 B - 3 scrolls of remove curse {!r}
 L - a scroll of fog {!r}
Potions
 e - 3 potions of ambrosia {!q, unknown}
 h - a potion of mutation {!q}
 j - 2 potions of degeneration {!q, unknown}
 v - 2 potions of haste {!q}
 x - 3 potions of lignification {!q, unknown}
 z - 2 potions of resistance {!q}
 E - a potion of flight {!q}
 F - a potion of heal wounds {!q}
 J - 2 potions of cancellation {!q}
Books
 I - a book of Conjurations

   Spells                             Type                      Level
   a - Magic Dart                     Conjuration                  1
   b - Searing Ray                    Conjuration                  2
   c - Dazzling Spray                 Conjuration/Hexes            3
   d - Fulminant Prism                Conjuration/Hexes            4
   e - Force Lance                    Conjuration/Translocation    4
   f - Iskenderun's Mystic Blast      Conjuration                  4
 K - a book of Cantrips

   Spells                             Type                      Level
   a - Confusing Touch                Hexes                        1
   b - Animate Skeleton               Necromancy                   1
   c - Summon Small Mammal            Summoning                    1
   d - Apportation                    Translocation                1
 M - a book of Misfortune

   Spells                             Type                      Level
   a - Confusing Touch                Hexes                        1
   b - Confuse                        Hexes                        3
   c - Gell's Gravitas                Translocation                3
   d - Petrify                        Transmutation/Earth          4
   e - Metabolic Englaciation         Hexes/Ice                    5
   f - Yara's Violent Unravelling     Hexes/Transmutation          5
 R - a book of Battle

   Spells                             Type                      Level
   a - Infusion                       Charms                       1
   b - Shroud of Golubria             Charms/Translocation         2
   c - Song of Slaying                Charms                       2
   d - Spectral Weapon                Hexes/Charms                 3
   e - Regeneration                   Charms/Necromancy            3
Comestibles
 f - 16 rations


   Skills:
 + Level 8.5(8.3) Fighting
 - Level 14.0(13.8) Bows
 - Level 1.3(1.2) Dodging
 - Level 0.4(0.2) Stealth


You had 8 spell levels left.
You didn't know any spells.

Dungeon Overview and Level Annotations

Branches:
Dungeon (9/15)             Temple (1/1) D:7
   Lair: D:8-11         Orc: D:9-12

Altars:
Cheibriados
Dithmenos
Elyvilon
Fedhas
Hepliaklqana
Kikubaaqudgha
Nemelex Xobeh
Okawaru
Qazlal
Ru
Sif Muna
Trog
Uskayaw
Vehumet
Wu Jian
Xom
Yredelemnul
Zin
The Shining One

Annotations:
D:4 Ghella's ghost, amateur GnWn
D:7 vishdafish's ghost, novice DsGl


Innate Abilities, Weirdness & Mutations

You have hooves in place of feet.
Armour fits poorly on your strangely shaped body.
You cover ground very quickly.
You have extremely tough skin. (AC +3)


Message History

The hippogriff bites you.
* * * LOW HITPOINT WARNING * * *
The hippogriff pecks you but does no damage.
The hippogriff barely misses you.
Found a shiny chain mail.
No target in view!
No target in view!
A hornet comes into view.
Firing (i - inventory)
t - 213 stones (quivered)
Press: ? - help, Shift-Dir - straight line, f - hornet
Aim: a hornet You shoot a stone.
The stone hits the hornet but does no damage.
Firing (i - inventory)
t - 212 stones (quivered)
Press: ? - help, Shift-Dir - straight line, f/p - hornet
Aim: a hornet You shoot a stone.
The stone barely misses the hippogriff.
Unknown command.
The hornet stings you but does no damage.
Okay, then.
Evoke which item? (* to show all) (? for menu, Esc to quit)
Aiming: Paralyse
Press: ? - help, Shift-Dir - straight line, f - hornet, p - hippogriff
Aim: a hornet (chance to defeat MR: 37%)
The hornet easily resists.
The hornet stings you.
* * * LOW HITPOINT WARNING * * *
You feel yourself slow down. The hornet stings you!
* * * LOW HITPOINT WARNING * * *
You are poisoned.
You feel as though you will be slow longer.
Unknown command.
Evoke which item? (* to show all) (? for menu, Esc to quit)
Aiming: Paralyse
Press: ? - help, Shift-Dir - straight line, f - hippogriff, p - hornet
Aim: a hippogriff (heavily wounded, chance to defeat MR: 41%)
The hippogriff resists with some effort.
You feel sick. The hornet stings you.
* * * LOW HITPOINT WARNING * * *
You are more poisoned.
You suddenly lose the ability to move!
The hippogriff bites you but does no damage.
The hippogriff pecks you but does no damage.
The hippogriff claws you but does no damage.
The hornet stings you but does no damage.
The hippogriff bites you.
* * * LOW HITPOINT WARNING * * *
The hippogriff pecks you but does no damage.
The hippogriff claws you but does no damage.
* * * LOW HITPOINT WARNING * * *
You feel sick.
The hornet stings you but does no damage.
The hippogriff bites you but does no damage.
The hippogriff pecks you but does no damage.
The hippogriff claws you but does no damage.
* * * LOW HITPOINT WARNING * * *
You feel sick. The hornet stings you.
* * * LOW HITPOINT WARNING * * *
You feel as though you will be slow longer.
The hornet stings you but does no damage.
The hippogriff bites you but does no damage.
The hippogriff pecks you.
* * * LOW HITPOINT WARNING * * *
The hippogriff claws you.
You die...

#.......##...##(#......#
......#####...##(#......###
.......# ##...##.#.........
.......# #.......#.........
#...H####......... #.####
#......... #.# ####......
#H# #######...... #@#
#............ #y#
#............ ...
#........#### # ...[#
#........# ..... .....#
#........# ..... ....(.#
#........# ...... ........
########## z..... .#.......
(.....


You could see a hippogriff and a hornet.

Vanquished Creatures
  A hippogriff (D:7)
  Edmund (D:6)
  A necrophage (D:7)
  A sky beast (D:6)
  A black bear (D:6)
  4 ogres
  2 centaurs
  A big kobold (D:7)
  4 bullfrogs
  A water moccasin zombie (D:8)
  4 scorpions
  5 wights (D:7)
  3 howler monkeys
  A bullfrog skeleton (D:5)
  A quasit (D:5)
  A centaur zombie (D:8)
  An orc priest (D:7)
  2 jellies
  7 orc wizards
  7 hounds
  Jessica (D:3)
  2 iguanas
  6 worker ants
  2 hound skeletons
  A worker ant zombie (D:5)
  7 adders
  A shadow imp (D:6)
  2 oozes
  3 adder skeletons
  3 worms
  3 dart slugs
  4 leopard geckos
  15 orcs
  4 ball pythons
  5 bats
  6 giant cockroaches
  6 goblins
  6 hobgoblins
  12 jackals
  3 quokkas
  2 frilled lizards
  2 jackal zombies
  12 kobolds
  A quokka skeleton (D:4)
  5 rats
163 creatures vanquished.

Notes
Turn   | Place    | Note
-------+----------+-------------------------------------------
     0 | D:1      | Amnesiac the Centaur Hunter began the quest for the Orb.
     0 | D:1      | Reached XP level 1. HP: 17/17 MP: 1/1
   201 | D:1      | Reached XP level 2. HP: 20/24 MP: 2/2
   220 | D:1      | Reached skill level 6 in Bows
   536 | D:1      | Reached XP level 3. HP: 30/30 MP: 3/3
  1142 | D:2      | Found a bloodstained altar of Trog.
  1194 | D:2      | Reached XP level 4. HP: 37/37 MP: 4/4
  1592 | D:2      | Found a basalt altar of Yredelemnul.
  1755 | D:3      | Noticed Jessica
  1761 | D:2      | Reached skill level 7 in Bows
  1796 | D:3      | Found a white marble altar of Elyvilon.
  1835 | D:3      | Killed Jessica
  1991 | D:3      | Reached XP level 5. HP: 40/45 MP: 5/5
  2011 | D:3      | Found a hide-covered altar of Uskayaw.
  2264 | D:3      | Reached skill level 8 in Bows
  2651 | D:4      | Reached XP level 6. HP: 50/52 MP: 6/6
  2795 | D:4      | Reached skill level 9 in Bows
  3055 | D:4      | Noticed Ghella's ghost (amateur GnWn)
  3100 | D:5      | Entered Level 5 of the Dungeon
  3562 | D:4      | Reached XP level 7. HP: 46/60 MP: 7/7
  3659 | D:4      | Reached skill level 10 in Bows
  3820 | D:4      | Reached skill level 5 in Fighting
  4974 | D:5      | Reached skill level 11 in Bows
  5065 | D:5      | Reached XP level 8. HP: 56/69 MP: 8/8
  5171 | D:5      | Found a white marble altar of Elyvilon.
  5738 | D:6      | Noticed Edmund
  5793 | D:6      | Killed Edmund
  5813 | D:6      | Reached skill level 12 in Bows
  6449 | D:7      | Reached skill level 13 in Bows
  6632 | D:7      | Reached XP level 9. HP: 65/79 MP: 9/9
  6691 | D:7      | Found a radiant altar of Vehumet.
  6692 | D:7      | Found an ornate altar of the Wu Jian Council.
  6891 | D:7      | Noticed vishdafish's ghost (novice DsGl)
  7234 | D:7      | Paralysed by an orc wizard for 4 turns
  7335 | D:7      | Found a staircase to the Ecumenical Temple.
  7677 | Temple   | Entered the Ecumenical Temple
  7900 | Temple   | Became a worshipper of Warmaster Okawaru
  8011 | D:8      | Reached skill level 14 in Bows
  8552 | D:8      | Paralysed by a hornet for 3 turns
  8554 | D:8      | HP: 3/82 [hornet (2)]
  8554 | D:8      | HP: 1/82 [hippogriff (2)]
  8554 | D:8      | Slain by a hippogriff

Vault maps used:
D:1:      saegor_arrival_simple_c
D:2:      lemuel_crystal_altar, marbit_many_paths, first_ration
D:3:      eat_drink_and_be_merry_uskayaw, elyvilon_altar_5, uniq_jessica
D:5:      old_standard_altar, kennysheep_generic_room_3
D:6:      minmay_diamond_boxcup, nicolae_overflow_crystal_walls, uniq_sigmund,
          uniq_edmund, uniq_prince_ribbit1
D:7:      gammafunk_temple_overflow_statue, minmay_temple_entry_enclosed_plants
D:9:      lemuel_doored_altar, nicolae_gozag_seed_capital, serial_shops,
          nicolae_shop_crystal, fedhas_altar_1
Temple:   oiseaux_autumnal_temple

Skill      XL: |  1  2  3  4  5  6  7  8  9 |
---------------+----------------------------+-----
Bows           | 6 7 8 9 11 13 14 | 14.0
Fighting       | 3 4 5 7 8 |  8.5
Dodging        | |  1.3
Stealth        | |  0.4

Action                   |  1- 3 |  4- 6 |  7- 9 || total
-------------------------+-------+-------+-------++-------
Melee: Short sword       |    68 |       |       ||    68
       Kick              |    12 |       |       ||    12
       Hunting sling     |       |       |     2 ||     2
 Fire: Shortbow          |    15 |    43 |    83 ||   141
       Hunting sling     |     8 |   296 |   442 ||   746
Throw: Stone             |       |       |     4 ||     4
Evoke: Wand              |       |       |     2 ||     2
  Use: Scroll            |       |       |     9 ||     9
  Eat: Chunk             |       |     6 |    11 ||    17
Armor: Leather armour    |    44 |   101 |   237 ||   382
Dodge: Dodged            |    47 |   106 |   152 ||   305
       Deflected         |       |       |     7 ||     7

Table legend:
 A = Spawn XP
 B = Non-spawn XP
 C = Spawn XP percentage of total XP
 D = Spawn monster count
 E = Non-spawn monster count
 F = Spawn count percentage of total count
 G = Total turns spent on level
                    A         B        C        D         E        F      G
               +---------+---------+-------+---------+---------+-------+---------
         Total |       0 |    4290 |   0.0 |       0 |     163 |   0.0 |  8554
               +---------+---------+-------+---------+---------+-------+---------
           D:1 |       0 |      44 |   0.0 |       0 |      19 |   0.0 |  1041
           D:2 |       0 |      74 |   0.0 |       0 |      18 |   0.0 |   740
           D:3 |       0 |     257 |   0.0 |       0 |      29 |   0.0 |   854
           D:4 |       0 |     768 |   0.0 |       0 |      20 |   0.0 |  1724
           D:5 |       0 |     589 |   0.0 |       0 |      24 |   0.0 |  1133
           D:6 |       0 |     700 |   0.0 |       0 |      10 |   0.0 |  1310
           D:7 |       0 |    1168 |   0.0 |       0 |      25 |   0.0 |  1045
           D:8 |       0 |     627 |   0.0 |       0 |      15 |   0.0 |   380
           D:9 |       0 |      63 |   0.0 |       0 |       3 |   0.0 |    78
               +---------+---------+-------+---------+---------+-------+---------
